 Dungeon Crawl Stone Soup version 0.30-a0-347-gf58ed5266c (webtiles) character file.

Game seed: 12038462554970406843

150 Maxmaps the Poker (level 5, -2/39 HPs)
             Began as a Demonspawn Gladiator on Nov 7, 2022.
             Killed by nerve-wracking pain
             ... invoked by an orc priest
              (12 damage)
             ... on level 3 of the Dungeon.
             The game lasted 00:02:23 (2123 turns).

Maxmaps the Poker (Demonspawn Gladiator)            Turns: 2123, Time: 00:02:23

Health: -2/39      AC:  6    Str: 14    XL:     5   Next: 10%
Magic:  5/5        EV: 11    Int: 12    God:
Gold:   160        SH:  0    Dex: 14    Spells: 4/4 levels left

rFire   . . .      SeeInvis .    a - +0 trident
rCold   . . .      Faith    .    (no shield)
rNeg    . . .      Spirit   .    l - +0 ring mail
rPois   .          Reflect  .    c - +0 helmet
rElec   .          Harm     .    (no cloak)
rCorr   .          Rampage  .    (no gloves)
Will    .....                    (no boots)
Stlth   +.........               (no amulet)
HPRegen 0.26/turn                (no ring)
MPRegen 0.09/turn                (no ring)

@: no status effects
A: hooves 1, demonic guardian 1, ignite blood 1
a: no special abilities


You were on level 3 of the Dungeon.
You visited 1 branch of the dungeon, and saw 3 of its levels.

You collected 160 gold pieces.

Inventory:

Hand Weapons
 a - a +0 trident (weapon)
Missiles
 d - 3 throwing nets (quivered)
 e - a javelin
Armour
 b - a +0 leather armour
 c - a +0 helmet (worn)
 l - a +0 ring mail (worn)
Jewellery
 h - a ring of resist corrosion
Scrolls
 f - a scroll of brand weapon {unknown}
 k - 2 scrolls of teleportation {unknown}
 n - 4 scrolls of identify {unknown}
 o - a scroll of enchant weapon {unknown}
Potions
 g - a potion of lignification {unknown}
 i - a potion of invisibility {unknown}
 j - 2 potions of curing {unknown}
 m - a potion of haste {unknown}
 p - a potion of degeneration {unknown}
 q - a potion of mutation {unknown}


   Skills:
 + Level 2.6 Fighting
 + Level 3.9 Polearms
 + Level 2.0 Throwing
 + Level 1.7 Armour
 + Level 3.2 Dodging
 + Level 0.7 Stealth


You had 4 spell levels left.
You didn't know any spells.
Your spell library contained the following spells:

 Spells                   Type           Power      Damage    Failure   Level
 Freeze                   Ice            0%         1d3       54%         1
 Frozen Ramparts          Ice            0%         1d1       89%         3
 Hailstorm                Conj/Ice       0%         3d3       89%         3


Dungeon Overview and Level Annotations

Branches:
Dungeon (3/15)

Altars:


Innate Abilities, Weirdness & Mutations

You have large cloven feet.
A weak demonic guardian rushes to your aid.
Your demonic aura sometimes causes spilled blood to erupt in flames.


Message History

Something hits you.
You bump into the rock wall.
Something hits you.
The orc priest hits you but does no damage.
You hit the orc priest but do no damage.
Your kick misses the orc priest.
You hear some strange, mumbled words.
A puff of flame appears from out of thin air!
The puff of flame hits you!
A demonic guardian appears!
The orc priest hits you but does no damage.
Something completely misses you. The orc priest misses you.
You bump into the rock wall.
The orc priest hits you but does no damage.
Something hits you but does no damage.
You closely miss your ufetubus.
You feel less confused. The orc priest barely misses you.
Something hits you but does no damage.
Unknown command.
You swap places.
Your ufetubus hits the orc priest.
Your ufetubus hits the orc priest but does no damage.
Something closely misses your ufetubus.
The orc priest hits your ufetubus with a +0 hand axe!
Your ufetubus dies!
Your ufetubus disappears in a puff of smoke!
Something hits you.
The orc priest hits you but does no damage.
You hit something. Your kick misses something.
The orc priest hits you with a +0 hand axe.
Something hits you.
You closely miss something. Your punch misses something.
Something hits you but does no damage.
The orc priest hits you with a +0 hand axe.
You hit something. Something hits you. The orc priest barely misses you.
You miss something. Your kick misses something. Something hits you.
* * * LOW HITPOINT WARNING * * *
The orc priest closely misses you.
You barely miss something.
An orc wizard appears from thin air!
Reactivating autopickup.
The orc priest invokes the aid of Beogh against you.
Pain shoots through your body!
You die...

###############
###.............##
#...###########..#
..#####..# ##.# ###
##...# #.#
#####...o#######@##
.####..#..o..).#oo#
..###o.#######.o#.#
..###..# ##...#
#..##..# #####
#..#o.## #....##
#...## ####


You could see an orc priest, an orc wizard and an orc.

Vanquished Creatures
  Natasha (thrice) (D:2)
  An adder (D:2)
  A worm (D:2)
  A dart slug (D:1)
  2 orcs (D:3)
  4 endoplasms
  2 giant cockroaches
  8 goblins
  4 hobgoblins
  3 jackals (D:1)
  A kobold (D:1)
  3 quokkas
  6 ball pythons
  3 bats
  A frilled lizard (D:3)
  5 rats
48 creatures vanquished.

Vanquished Creatures (collateral kills)
  An adder (D:3)
  A kobold (D:3)
2 creatures vanquished.

Grand Total: 50 creatures vanquished

Notes
Turn   | Place    | Note
-------+----------+-------------------------------------------
     0 | D:1      | Maxmaps the Demonspawn Gladiator began the quest for the
                  | Orb.
     0 | D:1      | Reached XP level 1. HP: 16/16 MP: 1/1
   119 | D:1      | Gained mutation: Your demonic aura sometimes causes spilled
                  | blood to erupt in flames. [demonic ancestry]
   119 | D:1      | Reached XP level 2. HP: 13/22 MP: 2/2
   999 | D:2      | Gained mutation: You have large cloven feet. [demonic
                  | ancestry]
   999 | D:2      | Reached XP level 3. HP: 25/27 MP: 3/3
  1463 | D:2      | Noticed Natasha
  1472 | D:2      | Killed Natasha
  1473 | D:2      | Reached skill level 1 in Armour
  1473 | D:2      | Gained mutation: A weak demonic guardian rushes to your
                  | aid. [demonic ancestry]
  1473 | D:2      | Reached XP level 4. HP: 13/34 MP: 4/4
  1603 | D:2      | Noticed Natasha
  1607 | D:2      | Killed Natasha
  1622 | D:2      | Found a faded altar of an unknown god.
  1647 | D:2      | Noticed Natasha
  1655 | D:2      | Killed Natasha
  1976 | D:3      | Reached XP level 5. HP: 32/39 MP: 5/5
  2123 | D:3      | Killed from afar by an orc priest

Illustrated notes

Levels and vault maps discovered:
D:1:      mrwooster_arrival_arrow, layout_loops_corners
D:2:      layout_loops_ring, hellmonk_ecumenical_altar_zigzags, uniq_natasha
D:3:      layout_loops_cross, lemuel_doored_altar, overflow_temple_1_default,
          hangedman_decor_push, hangedman_glass_teeth, skrybe_limestone_x,
          uniq_sigmund

Skill      XL: |  1  2  3 |
---------------+----------+-----
Throwing       | 2 |  2.0
Dodging        | 3 |  3.2
Polearms       | 3 |  3.9
Armour         | 1 |  1.7
Fighting       | |  2.6
Stealth        | |  0.7

Action                   |  1- 3 |  4- 6 || total
-------------------------+-------+-------++-------
Melee: Trident           |   103 |    60 ||   163
       Kick              |    11 |    10 ||    21
       Punch             |     1 |       ||     1
 Stab: Sleeping          |     1 |       ||     1
Armor: Leather armour    |     9 |       ||     9
       Ring mail         |     6 |    39 ||    45
Dodge: Dodged            |    40 |    43 ||    83

Table legend: (Time is in decaauts)
 A = Elapsed time spent in this place.
 B = Non-inter-level travel time spent in this place.
 C = Inter-level travel time spent in this place.
 D = Time resting spent in this place.
 E = Time spent auto-exploring this place.
 F = Levels seen in this place.
 G = Mean time per level.
                   A        B        C        D        E       F      G
               +--------+--------+--------+--------+--------+-----+--------+
         Total |   2166 |   2132 |     34 |     74 |   1683 |   3 |  722.0 |
       Dungeon |   2166 |   2132 |     34 |     74 |   1683 |   3 |  722.0 |
               +--------+--------+--------+--------+--------+-----+--------+

Top non-repeatable levels by time:
     D:1: 999 daAuts
     D:2: 909 daAuts
     D:3: 257 daAuts
